 Dungeon Crawl Stone Soup version 0.19.4-9-g45fd643 (webtiles) character file.

16851 doot the Carver (level 12, -3/80 HPs)
             Began as a High Elf Chaos Knight on Feb 16, 2017.
             Slain by Snorg (5 damage)
             ... on level 10 of the Dungeon.
             The game lasted 01:30:13 (16245 turns).

doot the Carver (High Elf Chaos Knight)            Turns: 16245, Time: 01:30:14

Health: -3/80      AC: 22    Str: 13    XL:     12   Next: 13%
Magic:  14/14      EV: 13    Int: 18    God:    Xom [*.....]
Gold:   2171       SH:  0    Dex: 20    Spells: 2 memorised, 7 levels left

rFire  + . .     SeeInvis +     b - +0 longbow (flame)
rCold  + + +     Gourm    .     u - +0 ring mail {rC+}
rNeg   . . .     Faith    .     (shield currently unavailable)
rPois  .         Spirit   .     A - +2 hat
rElec  .         Reflect  .     P - +2 cloak {MR+}
rCorr  .         Harm     .     (no gloves)
MR     ++++.     Rnd*Rage +     s - +1 pair of boots
Stlth  +++.......               j - necklace of Bloodlust {*Rage +Rage MR+ Int-3 Slay+3 *Curse}
                                Y - +3 ring of protection
                                m - +3 ring of protection

@: exhausted, slowed, heavily drained, very slow
A: fangs 1, icy blue scales 1, yellow scales 1, see invisible, agile 1, blink,
clever 2, cold resistance 2, fire resistance 1, magic resistance 1, mutation
resistance 1
a: Blink, Renounce Religion, Evoke Berserk Rage


You were on level 10 of the Dungeon.
You worshipped Xom.
You were a special plaything of Xom.
You were hungry.

You visited 1 branch of the dungeon, and saw 11 of its levels.
You visited the Abyss 1 time.
You also visited: Ice Cave.

You collected 2171 gold pieces.

Inventory:

Hand Weapons
 a - a +4 long sword
 b - a +0 longbow of flaming (weapon)
 g - the +7 quarterstaff "Aso Ume" {crush, +Inv MR- MP+9 Dex-4}
   (You found it on level 10 of the Dungeon)

   It inflicts extra damage upon your enemies.
   It affects your dexterity (-4).
   It affects your resistance to hostile enchantments.
   It affects your magic capacity (+9).
   It lets you turn invisible.
Missiles
 U - 78 arrows (quivered)
Armour
 i - a +1 robe of resistance
 l - a +1 cloak of poison resistance
 s - a +1 pair of boots (worn)
 u - a +0 ring mail of cold resistance (worn)
 A - a +2 hat (worn)
 P - a +2 cloak of magic resistance (worn)
 T - a +2 leather armour
Magical Staves
 O - an uncursed staff of death
 W - an uncursed staff of energy
Jewellery
 j - the necklace of Bloodlust (around neck) {*Rage +Rage MR+ Int-3 Slay+3 *Curse}
   (Xom gifted it to you on level 10 of the Dungeon)

   [amulet of rage]

   It affects your intelligence (-3).
   It affects your accuracy and damage with ranged weapons and melee attacks
   (+3).
   It affects your resistance to hostile enchantments.
   It lets you go berserk.
   It may make you go berserk in combat.
   It may re-curse itself when equipped.
 m - a +3 ring of protection (left hand)
 B - an uncursed amulet of guardian spirit
 D - an uncursed ring of protection from fire
 E - an uncursed ring of protection from cold
 Y - a +3 ring of protection (right hand)
 Z - an uncursed ring of positive energy
Wands
 o - a wand of lightning (7/15)
 q - a wand of acid (10/15)
 r - a wand of flame (7/48)
 x - a wand of enslavement (2/24)
 y - a wand of paralysis (12/24)
 G - a wand of heal wounds (0/9)
 L - a wand of lightning (8/15)
 Q - a wand of iceblast (7/15)
 R - a wand of acid (6/15)
 X - a wand of iceblast (4/15)
Scrolls
 p - 3 scrolls of recharging
 w - 2 scrolls of enchant weapon
 z - a scroll of amnesia
 J - a scroll of enchant armour
 V - a scroll of fog
Potions
 d - 2 potions of haste
 e - a potion of heal wounds
 t - 5 potions of curing
 v - a potion of brilliance
 H - 2 potions of might
 K - a potion of flight
 M - a potion of ambrosia
Books
 h - a book of Alchemy

   Spells                             Type                      Level
   a - Sublimation of Blood           Necromancy                   2
   b - Ignite Poison                  Fire/Transmutation/Poison    3
   c - Petrify                        Transmutation/Earth          4
   d - Alistair's Intoxication        Transmutation/Poison         5
   e - Irradiate                      Conjuration/Transmutation    5
 k - a Young Poisoner's Handbook

   Spells                             Type                      Level
   a - Sting                          Conjuration/Poison           1
   b - Mephitic Cloud                 Conjuration/Poison/Air       3
   c - Olgreb's Toxic Radiance        Poison                       4
   d - Alistair's Intoxication        Transmutation/Poison         5
   e - Venom Bolt                     Conjuration/Poison           5
 F - a book of Debilitation

   Spells                             Type                      Level
   a - Corona                         Hexes                        1
   b - Slow                           Hexes                        2
   c - Gell's Gravitas                Hexes/Translocation          3
   d - Inner Flame                    Hexes/Fire                   3
   e - Cause Fear                     Hexes                        4
   f - Leda's Liquefaction            Hexes/Earth                  4
 I - a book of Misfortune

   Spells                             Type                      Level
   a - Confusing Touch                Hexes                        1
   b - Confuse                        Hexes                        3
   c - Gell's Gravitas                Hexes/Translocation          3
   d - Petrify                        Transmutation/Earth          4
   e - Metabolic Englaciation         Hexes/Ice                    5
   f - Yara's Violent Unravelling     Hexes/Transmutation          5
 S - a book of Death

   Spells                             Type                      Level
   a - Corpse Rot                     Necromancy                   2
   b - Sublimation of Blood           Necromancy                   2
   c - Agony                          Necromancy                   5
   d - Dispel Undead                  Necromancy                   5
   e - Excruciating Wounds            Charms/Necromancy            5
   f - Bolt of Draining               Conjuration/Necromancy       5
Comestibles
 c - 7 bread rations
 f - 4 meat rations
 n - a beef jerky
 N - 7 slices of pizza


   Skills:
 + Level 6.8(5.4) Fighting
 * Level 13.4(11.7) Long Blades
 * Level 11.6(10.0) Bows
 + Level 4.1(2.8) Armour
 + Level 6.1(4.7) Dodging
 + Level 6.8(5.3) Stealth
   Level 0.5(0.0) Shields
 + Level 1.0(0.0) Unarmed Combat
 + Level 1.3(0.1) Spellcasting
 * Level 4.6(3.2) Conjurations
 + Level 4.8(3.5) Hexes
 * Level 5.0(3.7) Air Magic
 + Level 1.2(0.0) Evocations


You had 7 spell levels left.
You knew the following spells:

 Your Spells              Type           Power        Failure   Level  Hunger
a - Confuse               Hex            ##......     34%         3    ####...
b - Mephitic Cloud        Conj/Pois/Air  #.......     63%         3    ####...


Dungeon Overview and Level Annotations

Branches:
Dungeon (11/15)            Temple (0/1) D:5            Lair (0/6) D:9
    Orc (0/2) D:9

Altars:
Ashenzari
Cheibriados
Elyvilon
Fedhas
Gozag
Hepliaklqana
Makhleb
Nemelex Xobeh
Okawaru
Qazlal
Sif Muna
Trog
Uskayaw
Vehumet
Xom
Yredelemnul
Zin
The Shining One
Beogh

Shops:
D:9 (

Annotations:
D:10 Snorg


Innate Abilities, Weirdness & Mutations

You have very sharp teeth.
You are partially covered in icy blue scales. (AC +2)
You are partially covered in yellow scales. (AC +2)
You have supernaturally acute eyesight. (SInv)
You are agile. (Dex +2)
You can translocate small distances at will.
Your mind is very acute. (Int +4)
Your flesh is very cold resistant. (rC++)
Your flesh is heat resistant. (rF+)
You are resistant to hostile enchantments. (MR+)
You are somewhat resistant to further mutation.


Message History

Firing (i - inventory):
U - 79 arrows (quivered)
Press: ? - help, Shift-Dir - straight line, f/p - Snorg
Aim: Snorg (moderately wounded, fast)
You shoot an arrow. The arrow hits Snorg!!
The arrow burns Snorg.
Snorg is heavily wounded.
Snorg misses you. Snorg closely misses you. Snorg claws you.
* * * LOW HITPOINT WARNING * * *
Snorg bites you.
* * * LOW HITPOINT WARNING * * *
Snorg claws you but does no damage. Snorg claws you.
* * * LOW HITPOINT WARNING * * *
You blink.
You feel slightly more hungry.
You blink.
You feel slightly more hungry. Snorg bites you but does no damage.
Snorg closely misses you. Snorg claws you but does no damage.
You blink.
You feel slightly more hungry. Snorg bites you.
* * * LOW HITPOINT WARNING * * *
Snorg completely misses you. x2; Snorg misses you.
Snorg closely misses you. Snorg claws you.
You die...
Xom cackles wildly!

#)####. ##########
#)>[... #........#
####... #........#
##.#. #..§(....##
####..##
#........>####....##
#.§.(.(.....##)######
#...T....##.....# ##.
#.(.@.../##..[.[###..
###########...<.##..#
########.## ####..#
##....##
#######".######
##....<..## ##.
#..####### ###..
###.## ###...#


You could see Snorg.

Vanquished Creatures
  Gastronok (D:11)
  A reaper (IceCv)
  An unseen horror (D:10)
  The ghost of Squonk the Ogre Mage, a novice OgFE (D:7)
  Pikel (D:6)
  3 hill giants
  2 ice statues (IceCv)
  Joseph (D:7)
  Psyche (D:8)
  2 rime drakes (D:11)
  9 ice devils (IceCv)
  3 hornets
  2 two-headed ogres (D:10)
  A hippogriff (D:10)
  4 hogs (D:7)
  3 wyverns
  A human (D:7)
  Grum (D:10)
  A hungry ghost (D:10)
  A soldier ant (D:8)
  2 sky beasts
  A black bear (D:10)
  5 orc warriors
  A phantom (D:10)
  An ice beast (D:9)
  4 slaves (D:6)
  A necrophage (D:8)
  2 wolves (D:10)
  6 ogres
  5 centaurs
  An elf zombie (D:7)
  2 big kobolds
  2 bullfrogs
  A scorpion (D:2)
  22 wights
  3 electric eels (D:9)
  9 crimson imps
  A howler monkey (D:8)
  2 bullfrog zombies
  3 human zombies (D:7)
  6 hounds
  14 orc wizards
  10 orc priests
  Crazy Yiuf (D:2)
  5 jellies
  2 centaur skeletons
  Ijyb (D:2)
  3 iguanas
  Natasha (thrice) (D:2)
  9 worker ants
  A hound skeleton (D:6)
  A mummy (D:7)
  7 gnolls
  A worker ant zombie (D:10)
  7 adders
  An adder (shapeshifter) (D:1)
  4 shadow imps
  5 white imps (IceCv)
  2 ufetubi (IceCv)
  2 oozes
  2 adder zombies
  4 worms
  4 dart slugs
  3 leopard geckos
  40 orcs
  4 ball pythons
  9 bats
  9 giant cockroaches
  9 goblins
  7 hobgoblins
  19 jackals
  17 kobolds
  6 quokkas
  5 frilled lizards
  A giant cockroach zombie (D:6)
  An orc zombie (D:7)
  A quokka skeleton (D:7)
  A quokka zombie (D:8)
  14 rats
355 creatures vanquished.

Vanquished Creatures (others)
  7 white imps (IceCv)
  5 ufetubi (IceCv)
  A frilled lizard (D:2)
13 creatures vanquished.

Grand Total: 368 creatures vanquished

Notes
Turn   | Place    | Note
-------+----------+-------------------------------------------
     0 | D:1      | doot the High Elf Chaos Knight began the quest for the Orb.
     0 | D:1      | Reached XP level 1. HP: 16/16 MP: 2/2
    22 | D:1      | Reached skill level 1 in Armour
    47 | D:1      | Reached XP level 2. HP: 9/21 MP: 3/3
    54 | D:1      | Reached skill level 4 in Long Blades
    56 | D:1      | XOM: potion effect (invisibility)
   117 | D:1      | Reached XP level 3. HP: 22/26 MP: 4/4
   648 | D:2      | XOM: harmless Erth miscast
   649 | D:2      | Noticed Natasha
   658 | D:2      | Killed Natasha
   658 | D:2      | Reached skill level 5 in Long Blades
   658 | D:2      | Reached skill level 1 in Stealth
   658 | D:2      | Reached XP level 4. HP: 25/31 MP: 5/5
   757 | D:2      | XOM: divination: detect creatures
   788 | D:2      | XOM: scenery: create altars
   882 | D:2      | XOM: cast spell 'Ice Form'
   938 | D:2      | Noticed Natasha
   944 | D:2      | Killed Natasha
   944 | D:2      | Reached XP level 5. HP: 32/36 MP: 6/6
  1027 | D:2      | XOM: god gift: 450 gold pieces
  1041 | D:2      | Reached skill level 6 in Long Blades
  1465 | D:2      | XOM: scenery: create altars
  1562 | D:2      | XOM: god gift: crooked iron wand {god gift}
  1590 | D:2      | XOM: give mutations
  1590 | D:2      | Gained mutation: You possess an exceptional clarity of mind. [Xom's grace]
  1590 | D:2      | Gained mutation: You have very sharp teeth. [Xom's grace]
  1590 | D:2      | Gained mutation: You are partially covered in yellow scales. (AC +2) [Xom's grace]
  1593 | D:2      | Noticed Ijyb
  1605 | D:2      | Killed Ijyb
  1758 | D:2      | Noticed Natasha
  1758 | D:2      | XOM: cast spell 'Ice Form'
  1767 | D:2      | Killed Natasha
  1932 | D:2      | Found a runed door.
  1936 | D:2      | Noticed Crazy Yiuf
  1949 | D:2      | Killed Crazy Yiuf
  1949 | D:2      | Reached skill level 1 in Unarmed Combat
  1949 | D:2      | Reached XP level 6. HP: 42/42 MP: 7/7
  2101 | D:2      | XOM: medium Tmut miscast
  2136 | D:2      | XOM: 2-stop teleportation journey
  2204 | D:2      | XOM: noise
  2315 | D:2      | XOM: cloud trail
  2438 | D:2      | XOM: cloud trail
  2523 | D:2      | XOM: silly message
  2560 | D:3      | XOM: stealth player
  2667 | D:3      | Found a bloodstained altar of Trog.
  2790 | D:3      | XOM: god gift: 30 gold pieces
  2964 | D:3      | XOM: harmless Chrm miscast
  3084 | D:4      | XOM: god gift: copper wand {god gift}
  3120 | D:4      | Found a snail-covered altar of Cheibriados.
  3629 | D:4      | Reached skill level 7 in Long Blades
  3687 | D:4      | Reached XP level 7. HP: 35/47 MP: 5/8
  3689 | D:4      | XOM: cast spell 'Summon Butterflies'
  3692 | D:4      | XOM: divination: magic mapping
  3987 | D:4      | XOM: mild Summ miscast
  4055 | D:4      | XOM: divination: detect items
  4159 | D:5      | Entered Level 5 of the Dungeon
  4189 | D:5      | XOM: god gift: thin glowing staff {god gift}
  4256 | D:5      | Reached skill level 8 in Long Blades
  4485 | D:5      | XOM: scenery: create altars
  4513 | D:5      | XOM: 2-stop teleportation journey
  4670 | D:5      | Found a sparkling altar of Nemelex Xobeh.
  4671 | D:5      | Found a hide-covered altar of Uskayaw.
  4671 | D:5      | Found a white marble altar of Elyvilon.
  4671 | D:5      | Found a radiant altar of Vehumet.
  4671 | D:5      | Found a stormy altar of Qazlal.
  4714 | D:5      | Found a glowing golden altar of the Shining One.
  4716 | D:5      | Found a glowing silver altar of Zin.
  4716 | D:5      | Found a radiant altar of Vehumet.
  4717 | D:5      | Found a white marble altar of Elyvilon.
  4717 | D:5      | Found a sparkling altar of Nemelex Xobeh.
  4718 | D:5      | Found a burning altar of Makhleb.
  4718 | D:5      | Found a hazy altar of Hepliaklqana.
  4728 | D:5      | Found a staircase to the Ecumenical Temple.
  4870 | D:5      | XOM: god gift: paperback book {god gift}
  4876 | D:5      | Learned a level 3 spell: Confuse
  4888 | D:5      | Found a hazy altar of Hepliaklqana.
  4889 | D:5      | Found a shimmering altar of Xom.
  4889 | D:5      | Noticed a glowing orange brain
  4890 | D:5      | Noticed a glowing orange brain
  4890 | D:5      | Noticed a spectral ugly thing
  5358 | D:5      | XOM: give mutations
  5358 | D:5      | Gained mutation: Your flesh is cold resistant. (rC+) [Xom's grace]
  5358 | D:5      | Gained mutation: Your system is resistant to poisons. (rPois) [Xom's grace]
  5358 | D:5      | Gained mutation: You are agile. (Dex +2) [Xom's grace]
  5358 | D:5      | Gained mutation: You can translocate small distances at will. [Xom's grace]
  5464 | D:5      | XOM: mild Tloc miscast
  5478 | D:5      | XOM: cloud trail
  5608 | D:6      | Reached XP level 8. HP: 54/54 MP: 9/9
  5680 | D:6      | XOM: medium Divn miscast
  5706 | D:6      | XOM: torment (32/54 hp)
  5890 | D:6      | XOM: god gift: 1090 gold pieces
  5982 | D:6      | Reached skill level 1 in Bows
  6117 | D:6      | Noticed Pikel
  6123 | D:6      | XOM: scenery: create altars
  6244 | D:6      | XOM: swap monsters
  6264 | D:6      | Reached skill level 1 in Hexes
  6574 | D:6      | XOM: harmless Pois miscast
  6586 | D:6      | XOM: medium Fire miscast
  6587 | D:6      | XOM: enchant monster (bad)
  6596 | D:6      | Killed Pikel
  6596 | D:6      | Reached skill level 9 in Long Blades
  6727 | D:6      | XOM: mild Tmut miscast
  6765 | D:6      | XOM: give mutations
  6765 | D:6      | Lost mutation: You are agile. (Dex +2) [Xom's mischief]
  6765 | D:6      | Gained mutation: You are dopey. (Int -2) [Xom's mischief]
  6765 | D:6      | Gained mutation: You are partially covered in large bone plates. (SH +4) [Xom's mischief]
  7055 | D:7      | Noticed Squonk's ghost (novice OgFE)
  7160 | D:7      | XOM: fog
  7166 | D:7      | Reached skill level 5 in Stealth
  7167 | D:7      | XOM: scenery: create altars
  7179 | D:7      | Reached skill level 5 in Bows
  7179 | D:7      | Reached XP level 9. HP: 54/59 MP: 5/10
  7186 | D:7      | XOM: confuse monster(s)
  7336 | D:7      | XOM: cleaving
  7444 | D:7      | XOM: 1-stop teleportation journey
  7488 | D:7      | XOM: smoke on damage
  7492 | D:7      | XOM: polymorph quokka -> giant cockroach
  7504 | D:7      | Killed Squonk's ghost
  7504 | D:7      | Reached skill level 10 in Long Blades
  7510 | D:7      | Found an iron altar of Okawaru.
  7523 | D:7      | Identified the cursed +1 mace of Anuv Pos {protect, rN+ SInv} (You found it on level 7 of the Dungeon)
  7529 | D:7      | Noticed Joseph
  7632 | D:7      | Killed Joseph
  7632 | D:7      | Reached skill level 1 in Spellcasting
  7818 | D:7      | Found an opulent altar of Gozag.
  7854 | D:7      | Found a glowing silver altar of Zin.
  8338 | D:7      | Reached skill level 5 in Fighting
  8338 | D:7      | Reached skill level 11 in Long Blades
  8524 | D:7      | Found a basalt altar of Yredelemnul.
  8531 | D:7      | XOM: potion effect (berserk rage)
  8579 | D:7      | XOM: cleaving
  8761 | D:8      | XOM: smoke on damage
  8767 | D:8      | Reached XP level 10. HP: 42/66 MP: 7/12
  8971 | D:8      | Noticed a catoblepas
  9102 | D:8      | XOM: scenery: create altars
  9202 | D:8      | Noticed Psyche
  9447 | D:8      | XOM: divination: detect items
  9841 | D:8      | Noticed a hill giant
  9871 | D:8      | Found a deep blue altar of Sif Muna.
  9977 | D:8      | Cast into level 2 of the Abyss (Psyche)
  9995 | D:8      | Escaped the Abyss
  9997 | D:8      | Killed Psyche
  9997 | D:8      | Reached skill level 12 in Long Blades
  9997 | D:8      | Reached skill level 5 in Dodging
 10062 | D:8      | XOM: mild Necr miscast
 10092 | D:9      | XOM: mild Ice miscast
 10149 | D:9      | XOM: enchant monster (good)
 10205 | D:9      | Got a faintly humming buckler
 10212 | D:9      | Identified the cursed +0 buckler of Brilliance {+Fly Str+3 Int+3 Dex-2} (You found it on level 9 of the Dungeon)
 10385 | D:9      | Found a staircase to the Orcish Mines.
 10398 | D:9      | XOM: cast spell 'Dispersal'
 10431 | D:9      | XOM: mild Divn miscast
 10442 | D:9      | XOM: chaos cloud
 10443 | D:9      | Paralysed by you for 6 turns
 10528 | D:9      | Learned a level 3 spell: Mephitic Cloud
 10673 | D:9      | XOM: swap monsters
 10848 | D:9      | Lost mutation: You are dopey. (Int -2) [potion of mutation]
 10848 | D:9      | Gained mutation: You have large cloven feet. [potion of mutation]
 10848 | D:9      | Lost mutation: You have large cloven feet. [potion of mutation]
 10859 | D:9      | Found a staircase to the Lair.
 10931 | D:9      | Reached skill level 1 in Conjurations
 11005 | D:9      | Found Kibbiom's Antique Weapon Boutique.
 11017 | D:9      | Found a roughly hewn altar of Beogh.
 11022 | D:9      | XOM: give mutations
 11022 | D:9      | Lost mutation: Your system is resistant to poisons. (rPois) [Xom's mischief]
 11022 | D:9      | Gained mutation: You are dopey. (Int -2) [Xom's mischief]
 11022 | D:9      | Lost mutation: You are partially covered in large bone plates. (SH +4) [Xom's mischief]
 11022 | D:9      | Gained mutation: Your flesh is heat resistant. (rF+) [Xom's mischief]
 11038 | D:9      | Reached skill level 1 in Air Magic
 11146 | D:9      | XOM: stat loss: -1 Dex (16/17)
 11258 | D:9      | Found a shattered altar of Ashenzari.
 11279 | D:9      | XOM: god gift: 50 gold pieces
 11392 | D:9      | XOM: medium Conj miscast
 11443 | D:9      | Found a blossoming altar of Fedhas.
 11468 | D:9      | XOM: harmless Fire miscast
 11525 | D:9      | Paralysed by a hornet for 1 turns
 11529 | D:9      | Paralysed by a hornet for 2 turns
 11539 | D:9      | Paralysed by a hornet for 2 turns
 11542 | D:9      | Gained mutation: Your muscles are strong. (Str +2) [potion of mutation]
 11542 | D:9      | Lost mutation: You possess an exceptional clarity of mind. [potion of mutation]
 11781 | D:9      | XOM: mild Tmut miscast
 11878 | D:10     | Entered Level 10 of the Dungeon
 11888 | D:10     | Noticed a hill giant
 11902 | D:10     | Got a bloodstained quarterstaff
 11905 | D:10     | Identified the +7 quarterstaff "Aso Ume" {crush, +Inv MR- MP+9 Dex-4} (You found it on level 10 of the Dungeon)
 12073 | D:8      | XOM: scenery: create altars
 12112 | D:8      | XOM: divination: magic mapping
 12113 | D:8      | XOM: fog
 12120 | D:8      | XOM: divination: detect items
 12137 | D:8      | XOM: enchant monster (good)
 12447 | D:10     | XOM: cast spell 'Summon Small Mammal'
 12546 | D:10     | XOM: god gift: short jewelled staff {god gift}
 12574 | D:10     | XOM: 2-stop teleportation journey
 12580 | D:10     | Reached XP level 11. HP: 59/72 MP: 11/13
 12608 | D:10     | Killed an unseen horror
 12800 | D:10     | XOM: 1-stop teleportation journey
 12848 | D:10     | XOM: confuse monster(s)
 12944 | D:10     | Noticed a hill giant
 12951 | D:10     | XOM: confuse monster(s)
 12955 | D:10     | XOM: fake destruction
 12973 | D:10     | Killed a hill giant
 13136 | D:10     | Killed a hill giant
 13202 | D:10     | Found a hazy altar of Hepliaklqana.
 13205 | D:10     | XOM: give mutations
 13205 | D:10     | Gained mutation: Your muscles are very strong. (Str +4) [Xom's grace]
 13205 | D:10     | Gained mutation: You have supernaturally acute eyesight. (SInv) [Xom's grace]
 13205 | D:10     | Gained mutation: Your flesh is very cold resistant. (rC++) [Xom's grace]
 13429 | D:11     | Noticed Gastronok
 13441 | D:11     | XOM: potion effect (heal wounds)
 13444 | D:11     | XOM: enchant monster (good)
 13450 | D:11     | XOM: cleaving
 13454 | D:11     | Killed Gastronok
 13454 | D:11     | Reached skill level 10 in Bows
 13486 | D:11     | Noticed a hill giant
 13503 | D:11     | XOM: god gift: 46 gold pieces
 13511 | D:11     | Found a frozen archway.
 13524 | D:11     | Reached skill level 13 in Long Blades
 13524 | D:11     | XOM: enchant monster (bad)
 13525 | D:11     | XOM: summons 3 hostile shadow creatures
 13527 | D:11     | XOM: scenery: create altars
 13528 | IceCv    | Entered an ice cave
 13558 | IceCv    | XOM: harmless Conj miscast
 13640 | IceCv    | XOM: give mutations
 13640 | IceCv    | Lost mutation: Your muscles are very strong. (Str +4) [Xom's mischief]
 13640 | IceCv    | Lost mutation: You are dopey. (Int -2) [Xom's mischief]
 13640 | IceCv    | Lost mutation: Your muscles are strong. (Str +2) [Xom's mischief]
 13716 | IceCv    | XOM: chaos cloud
 13887 | IceCv    | XOM: scenery: create altars
 13924 | IceCv    | XOM: 1-stop teleportation journey
 13970 | IceCv    | XOM: confusion (+ monsters)
 13978 | IceCv    | XOM: summons 8 friendly demons
 13993 | IceCv    | Reached skill level 1 in Evocations
 14002 | IceCv    | XOM: noise
 14003 | IceCv    | XOM: polymorph white imp -> crimson imp
 14009 | IceCv    | XOM: summons 3 hostile shadow creatures
 14013 | IceCv    | XOM: summons 5 hostile demons
 14022 | IceCv    | XOM: blink monster(s)
 14055 | IceCv    | XOM: confusion
 14330 | IceCv    | XOM: enchant monster (good)
 14496 | IceCv    | XOM: 1-stop teleportation journey
 14649 | IceCv    | Noticed a reaper
 14651 | IceCv    | XOM: scenery: create altars
 14653 | IceCv    | XOM: butterfly on damage
 14654 | IceCv    | Killed a reaper
 14960 | IceCv    | XOM: divination: detect creatures
 15118 | IceCv    | XOM: give mutations
 15118 | IceCv    | Gained mutation: Your mind is acute. (Int +2) [Xom's grace]
 15118 | IceCv    | Gained mutation: You are somewhat resistant to further mutation. [Xom's grace]
 15118 | IceCv    | Gained mutation: Your mind is very acute. (Int +4) [Xom's grace]
 15283 | IceCv    | XOM: 6-stop teleportation journey
 15299 | D:11     | XOM: give mutations
 15299 | D:11     | Gained mutation: You are agile. (Dex +2) [Xom's grace]
 15299 | D:11     | Gained mutation: You are partially covered in icy blue scales. (AC +2) [Xom's grace]
 15299 | D:11     | Gained mutation: You are resistant to hostile enchantments. (MR+) [Xom's grace]
 15300 | D:11     | XOM: potion effect (brilliance)
 15311 | D:11     | XOM: divination: magic mapping
 15314 | D:11     | Killed a hill giant
 15314 | D:11     | Reached XP level 12. HP: 37/80 MP: 1/14
 15372 | D:11     | XOM: mild Tloc miscast
 15397 | D:11     | Noticed Grum
 15410 | D:11     | XOM: confusion
 15412 | D:11     | XOM: chaos cloud
 15656 | D:10     | XOM: medium Ice miscast
 15730 | D:11     | XOM: snakes to sticks
 15762 | D:10     | XOM: harmless Divn miscast
 15776 | D:10     | Reached skill level 5 in Air Magic
 15847 | D:11     | Noticed Snorg
 15855 | D:10     | Killed Grum
 15992 | D:10     | XOM: medium Conj miscast
 16012 | D:10     | XOM: divination: detect creatures
 16181 | D:10     | XOM: god gift: necklace of Bloodlust {*Rage +Rage MR+ Int-3 Slay+3 *Curse}
 16233 | D:10     | XOM: repel stairs
 16235 | D:10     | XOM: enchant monster (bad)
 16239 | D:10     | XOM: medium Conj miscast
 16245 | D:10     | HP: 2/80 [Snorg (4)]
 16245 | D:10     | Slain by Snorg

Skill      XL: |  1  2  3  4  5  6  7  8  9 10 11 12 |
---------------+-------------------------------------+-----
Armour         | 1 2 3 4 |  4.1
Long Blades    | 4 5 6 7 8 9 11 12 13 | 13.4
Stealth        | 1 2 3 5 6 |  6.8
Dodging        | 3 4 5 6 |  6.1
Unarmed Combat | 1 |  1.0
Fighting       | 4 5 6 |  6.8
Bows           | 5 6 8 11 | 11.6
Hexes          | 2 4 |  4.8
Spellcasting   | 1 |  1.3
Conjurations   | 1 4 |  4.6
Air Magic      | 2 4 5 |  5.0
Evocations     | 1 |  1.2
Shields        | |  0.5

Action                   |  1- 3 |  4- 6 |  7- 9 | 10-12 || total
-------------------------+-------+-------+-------+-------++-------
Melee: Falchion          |    76 |   175 |   173 |       ||   424
       Unarmed           |       |    37 |       |       ||    37
       Bite              |       |    15 |    70 |   129 ||   214
       Punch             |       |     1 |     1 |     5 ||     7
       Long sword        |       |       |   313 |   739 ||  1052
       Great sword       |       |       |       |     1 ||     1
       Longbow           |       |       |       |     1 ||     1
 Fire: Shortbow          |       |       |    55 |    91 ||   146
       Longbow           |       |       |       |   187 ||   187
 Cast: Confuse           |       |       |     1 |     4 ||     5
 Abil: Blink             |       |       |       |     6 ||     6
       Evoke Berserk Rag |       |       |       |     1 ||     1
Evoke: Wand              |       |     2 |     7 |    24 ||    33
  Use: Scroll            |       |     6 |     6 |    16 ||    28
       Potion            |       |       |     6 |     8 ||    14
 Stab: Invisible         |     3 |       |     3 |     3 ||     9
       Paralysed         |     3 |     2 |     3 |       ||     8
       Confused          |     1 |       |     8 |     3 ||    12
       Sleeping          |       |     6 |     6 |     3 ||    15
       Distracted        |       |       |     2 |     2 ||     4
       Petrifying        |       |       |     1 |     1 ||     2
       Petrified         |       |       |       |     4 ||     4
  Eat: Chunk             |       |     9 |    16 |    13 ||    38
       Fruit             |       |       |     1 |       ||     1
       Royal jelly       |       |       |       |     2 ||     2
       Meat ration       |       |       |       |     1 ||     1
       Beef jerky        |       |       |       |     3 ||     3
       Pizza             |       |       |       |     1 ||     1
Armor: Leather armour    |    20 |    50 |   159 |   191 ||   420
       Skin              |       |    13 |       |    20 ||    33
       Ring mail         |       |       |       |   272 ||   272
Dodge: Dodged            |    59 |    97 |   226 |   636 ||  1018
Block: Other             |       |       |    25 |    32 ||    57
       Buckler           |       |       |       |    18 ||    18
       Rpst.: Falchion   |    17 |    27 |    29 |       ||    73
       Long sword        |       |       |    38 |   168 ||   206
